 Dungeon Crawl Stone Soup version 0.31-a0-182-gc5ef74bbde (webtiles) character file.

Game seed: 15232885476776589046

109 Hajna the Shield-Bearer (level 4, 0/44 HPs)
             Began as a Troll Fighter on June 21, 2023.
             Slain by a killer bee (6 damage)
             ... on level 4 of the Dungeon.
             The game lasted 00:07:35 (2106 turns).

Hajna the Shield-Bearer (Troll Fighter)             Turns: 2106, Time: 00:07:35

Health: 0/44       AC:  6    Str: 24    XL:     4   Next: 59%
Magic:  0/3        EV:  9    Int:  4    God:
Gold:   162        SH:  8    Dex: 11    Spells: 1/3 levels left

rFire   . .          .
                       - Unarmed
rCold   . . .        b - +0 kite shield
rNeg    . . .        a - +0 robe
rPois   .            (helmet restricted)
rElec   .            i - +1 cloak
rCorr   +            (gloves unavailable)
SInv    .            (boots unavailable)
Will    .....        e - amulet of guardian spirit
Stlth   +            j - ring of resist corrosion
HPRegen 1.07/turn    (no ring)
MPRegen 0.08/turn

%: guardian spirit
@: lethally poisoned (0 -> -2), very slightly contaminated
A: large, unfitting armour, claws 3, regeneration 1, shaggy fur 1, tough skin 1
a: no special abilities


You were on level 4 of the Dungeon.
You visited 1 branch of the dungeon, and saw 4 of its levels.

You collected 162 gold pieces.

Inventory:

Missiles
 q - 4 poisoned darts
Armour
 a - a +0 robe (worn)
 b - a +0 kite shield (worn)
 h - a +0 cloak
 i - a +1 cloak (worn)
Magical Staves
 k - a staff of conjuration
Jewellery
 e - an amulet of guardian spirit (around neck)
 j - a ring of resist corrosion (left claw)
 l - an amulet of faith
Scrolls
 f - a scroll of amnesia
 m - a scroll of fog
Potions
 c - a potion of might
 d - a potion of magic
 g - a potion of heal wounds
 n - 2 potions of lignification {unknown}
 o - a potion of attraction {unknown}
 p - a potion of enlightenment {unknown}


   Skills:
 * Level 2.9 Fighting
 * Level 3.0 Dodging
 + Level 0.4 Stealth
 + Level 3.3 Shields
 + Level 3.0 Unarmed Combat


You had one spell level left.
You knew the following spells:

 Your Spells              Type           Power      Damage    Failure   Level
a - Slow                  Hex            0%         N/A       77%         1
b - Beastly Appendage     Tmut           0%         N/A       77%         1

Your spell library contained the following spells:

 Spells                   Type           Power      Damage    Failure   Level
 Magic Dart               Conj           0%         1d3       77%         1
 Lesser Beckoning         Tloc           0%         N/A       88%         2
 Searing Ray              Conj           0%         2d4       88%         2
 Wereblood                Tmut           0%         N/A       88%         2
 Confusing Touch          Hex            0%         N/A       98%         3
 Gell's Gravitas          Tloc           0%         N/A       98%         3
 Spider Form              Tmut/Pois      0%         N/A       98%         3
 Teleport Other           Tloc           0%         N/A       98%         3
 Vampiric Draining        Necr           0%         2d6       98%         3
 Fulminant Prism          Conj/Hex       0%         3d5       100%        4
 Summon Ice Beast         Ice/Summ       0%         N/A       100%        4
 Summon Mana Viper        Hex/Summ       0%         N/A       100%        5
 Monstrous Menagerie      Summ           0%         N/A       100%        7


Dungeon Overview and Level Annotations

Branches:
Dungeon (4/15)
 Temple: D:4-7

Altars:

Shops:
D:1 *


Innate Abilities, Weirdness & Mutations

You are too large for most types of armour.
You have claws for hands.
Your natural rate of healing is unusually fast.
You are covered in fur. (AC +1)
You have tough skin. (AC +1)


Message History

You are more poisoned.
The killer bee poisons you!
Found 15 gold pieces.
You feel very sick. You block the killer bee's attack.
It was a potion of heal wounds.
You feel much better.
You feel very sick.
The killer bee stings you but does no damage.
You block the killer bee's attack. The killer bee stings you.
The killer bee stings you but does no damage.
The killer bee closely misses you. The killer bee stings you.
You are more poisoned.
The killer bee poisons you! You block the killer bee's attack.
Okay, then.
The killer bee attacks as you move away!
The killer bee closely misses you.
The killer bee attacks as you move away!
The killer bee stings you.
You are more poisoned.
The killer bee poisons you!
You feel extremely sick.
The killer bee stings you but does no damage.
The killer bee barely misses you. x2
The killer bee stings you but does no damage.
The killer bee attacks as you move away!
The killer bee stings you.
You feel very sick. You block the killer bee's attack.
The killer bee stings you. x2
* * * LOW HITPOINT WARNING * * *
The killer bee attacks as you move away!
You block the killer bee's attack.
You feel very sick. You block the killer bee's attack.
The killer bee barely misses you.
The killer bee attacks as you move away!
You block the killer bee's attack.
You feel very sick. The killer bee barely misses you.
There is a stone staircase leading down here.
You feel sick. The killer bee barely misses you. x2
The killer bee stings you!
You die...

.....#.##.##
..........#
.....##..#
##'#......#
#.###......#..##
#...............
#######......##.#<
.....##.y#..[.....
#....@yy#.##..#
#.##.y#.#.....# #
#..#........
#..#.####..#
#..#<# $.# ##...#
.# #.... #.....
.......


You could see 4 killer bees.

Vanquished Creatures
  3 gnolls (D:2)
  An adder (D:3)
  7 orcs (D:3)
  5 bats
  3 endoplasms
  4 giant cockroaches
  4 goblins
  7 hobgoblins
  2 jackals (D:3)
  3 quokkas (D:3)
  5 ball pythons
  6 frilled lizards
  6 kobolds
  5 rats
61 creatures vanquished.

Notes
Turn   | Place    | Note
-------+----------+-------------------------------------------
     0 | D:1      | Hajna the Troll Fighter began the quest for the Orb.
     0 | D:1      | Reached XP level 1. HP: 22/22 MP: 0/0
   125 | D:1      | Reached XP level 2. HP: 27/29 MP: 1/1
   229 | D:1      | Found Benahos's General Store.
   332 | D:1      | Learned a level 1 spell: Slow
   822 | D:2      | Reached XP level 3. HP: 34/36 MP: 2/2
  1555 | D:3      | Reached XP level 4. HP: 44/44 MP: 3/3
  1904 | D:3      | Learned a level 1 spell: Beastly Appendage
  2106 | D:4      | Slain by a killer bee

Illustrated notes

Levels and vault maps discovered:
D:1:      denvon_arrival_planthouse, layout_loops_cross, serial_shops,
          nicolae_diamond_shop
D:2:      layout_basic, minmay_fountain_box, minmay_misc_feat_more_columns,
          nicolae_grassy_gnolls
D:3:      minmay_octagon_keep, layout_rooms
D:4:      layout_basic

Skill      XL: |  1  2  3  4 |
---------------+-------------+-----
Shields        | 3 |  3.3
Dodging        | 3 |  3.0
Unarmed Combat | 3 |  3.0
Fighting       | |  2.9
Stealth        | |  0.4

Action                     |  1- 3 |  4- 6 || total
---------------------------+-------+-------++-------
  Melee: Unarmed           |   100 |    68 ||   168
    Use: Scroll            |       |     8 ||     8
         Potion            |       |     1 ||     1
   Stab: Sleeping          |     1 |       ||     1
 Armour: Robe              |    29 |    24 ||    53
  Dodge: Dodged            |    26 |    36 ||    62
  Block: Kite shield       |    36 |    42 ||    78

Table legend: (Time is in decaauts)
 A = Elapsed time spent in this place.
 B = Non-inter-level travel time spent in this place.
 C = Inter-level travel time spent in this place.
 D = Time resting spent in this place.
 E = Time spent auto-exploring this place.
 F = Levels seen in this place.
 G = Mean time per level.
                   A        B        C        D        E       F      G
               +--------+--------+--------+--------+--------+-----+--------+
         Total |   2117 |   2013 |    104 |      0 |   1568 |   4 |  529.2 |
       Dungeon |   2117 |   2013 |    104 |      0 |   1568 |   4 |  529.2 |
               +--------+--------+--------+--------+--------+-----+--------+

Top non-repeatable levels by time:
     D:2: 858 daAuts
     D:1: 674 daAuts
     D:3: 559 daAuts
     D:4: 25 daAuts
